 Dungeon Crawl Stone Soup version 0.28.0-45-g0d030f2227 (webtiles) character file.

Game seed: 604122915837307371

43 ImHallYall the Grasshopper (level 3, -7/27 HPs)
             Began as a Vampire Warper on Apr 7, 2022.
             Was a Follower of Sif Muna.
             Mangled by Terence
             ... wielding a +4 vorpal flail
              (12 damage)
             ... on level 2 of the Dungeon.
             The game lasted 00:07:47 (2020 turns).

ImHallYall the Grasshopper (Vampire Warper)         Turns: 2020, Time: 00:07:48

Health: -7/27      AC:  3    Str: 10    XL:     3   Next: 37%
Magic:  6/6        EV: 12    Int: 17    God:    Sif Muna [*.....]
Gold:   31         SH:  0    Dex: 13    Spells: 0/6 levels left

rFire   + . .      SeeInvis +   a - +0 short sword
rCold   x . .      Faith    .   (no shield)
rNeg    . . .      Spirit   .   b - +0 leather armour
rPois   .          Reflect  .   (no helmet)
rElec   .          Harm     .   (no cloak)
rCorr   .          Rampage  .   (no gloves)
Will    .....                   (no boots)
Stlth   +.........              (no amulet)
HPRegen 0.29/turn               l - ring of fire
MPRegen 0.10/turn               k - ring of flight

@: flying, healing quickly
A: alive, fangs 3, see invisible, vampiric 2
a: Exsanguinate, Renounce Religion, Channel Magic


You were on level 2 of the Dungeon.
You worshipped Sif Muna.
Sif Muna was aware of your devotion.
You visited 1 branch of the dungeon, and saw 2 of its levels.

You collected 31 gold pieces.

Inventory:

Hand Weapons
 a - a +0 short sword (weapon)
 q - a +0 hunting sling
 r - a +0 dagger
Missiles
 d - 5 boomerangs of dispersal (quivered)
 g - 21 sling bullets
 p - 6 atropa-tipped darts
Armour
 b - a +0 leather armour (worn)
Jewellery
 k - a ring of flight (right hand)
 l - a ring of fire (left hand)
 o - a ring of protection from cold
Scrolls
 c - a scroll of blinking
 e - a scroll of teleportation {unknown}
 h - a scroll of immolation {unknown}
 i - 2 scrolls of identify {unknown}
 j - a scroll of vulnerability {unknown}
 n - a scroll of noise {unknown}
Potions
 f - a potion of curing {unknown}
 m - a potion of attraction {unknown}


   Skills:
 + Level 1.9 Fighting
 + Level 2.5 Short Blades
 + Level 0.8 Throwing
 + Level 1.1 Armour
 + Level 2.7 Dodging
 + Level 2.3 Spellcasting
 + Level 2.7 Translocations


You couldn't memorise any spells.
You knew the following spells:

 Your Spells              Type           Power      Damage    Failure   Level
a - Blink                 Tloc           22%        N/A       12%         2
b - Magic Dart            Conj           8%         1d3       26%         1
c - Gell's Gravitas       Tloc           11%        N/A       24%         3

Your spell library contained the following spells:

 Spells                   Type           Power      Damage    Failure   Level
 Lesser Beckoning         Tloc           11%        N/A       24%         3
 Teleport Other           Tloc           11%        N/A       24%         3
 Call Imp                 Summ           1%         N/A       36%         2
 Mephitic Cloud           Conj/Pois/Air  2%         N/A       58%         3
 Manifold Assault         Tloc           11%        N/A       92%         5


Dungeon Overview and Level Annotations

Branches:
Dungeon (2/15)

Altars:
Sif Muna

Annotations:
D:2 Terence


Innate Abilities, Weirdness & Mutations

Your natural rate of healing is accelerated.
You have razor-sharp teeth.
You have supernaturally acute eyesight. (SInv)
You are afflicted with vampirism and can become a bat while bloodless.


Message History

You feel stable enough to blink again.
You see here a hobgoblin corpse.
You start resting.
Magic restored.
You start waiting.
Done waiting.
You start waiting.
Done waiting.
This spell is extremely dangerous to cast!
Memorise Gell's Gravitas, consuming 3 spell levels and leaving 0?
You start memorising the spell.
You continue memorising. x3
You finish memorising.
Spell assigned to 'c'.
A hobgoblin comes into view.
The hobgoblin shouts!
Terence the Incautious comes into view.
He is wielding a +4 vorpal flail.
Terence shouts!
Terence says, "You're history."
The hobgoblin misses you.
You closely miss the hobgoblin. The hobgoblin closely misses you.
Terence hits you with a +4 vorpal flail.
You hit the hobgoblin.
The hobgoblin is almost dead.
The hobgoblin barely misses you. Terence barely misses you.
You hit the hobgoblin but do no damage.
The hobgoblin is almost dead.
The hobgoblin misses you. Terence misses you.
You barely miss the hobgoblin.
The hobgoblin is almost dead.
The hobgoblin hits you but does no damage.
Terence barely misses you.
You hit the hobgoblin but do no damage. You punch the hobgoblin.
You bite the hobgoblin.
You kill the hobgoblin!
Sif Muna accepts your kill.
Terence hits you with a +4 vorpal flail!
Terence hits you with a +4 vorpal flail.
* * * LOW HITPOINT WARNING * * *
x2 You closely miss Terence.
Terence hits you with a +4 vorpal flail!
You die...

### #.. #### ####.##
...# #.....# # ...#
#.##..##.#
...##########...@....###
................@.......
...############.###.####
.### #.# .### ..# ...#
.### ...# #. ...# #
.######## .##......##


You could see Terence.

Vanquished Creatures
  A worm (D:2)
  A dart slug (D:1)
  5 ball pythons
  6 bats
  3 endoplasms
  3 giant cockroaches
  3 goblins (D:1)
  4 hobgoblins
  3 kobolds
  3 frilled lizards
  2 rats (D:2)
34 creatures vanquished.

Vanquished Creatures (others)
  A fungus (D:1)
  5 plants (D:1)
6 creatures vanquished.

Grand Total: 40 creatures vanquished

Notes
Turn   | Place    | Note
-------+----------+-------------------------------------------
     0 | D:1      | ImHallYall the Vampire Warper began the quest for the Orb.
     0 | D:1      | Reached XP level 1. HP: 16/16 MP: 3/3
   118 | D:1      | Found a faded altar of an unknown god.
   125 | D:1      | Prayed at the altar of an unknown god.
   125 | D:1      | Became a worshipper of Sif Muna the Loreminder
   125 | D:1      | Reached * piety under Sif Muna
   234 | D:1      | Reached XP level 2. HP: 22/22 MP: 5/5
  1124 | D:1      | Learned a level 2 spell: Blink
  1513 | D:2      | Learned a level 1 spell: Magic Dart
  1525 | D:2      | Gained mutation: You are afflicted with vampirism and can
                  | become a bat while bloodless. [Vampire growth]
  1525 | D:2      | Reached XP level 3. HP: 27/27 MP: 3/6
  1549 | D:2      | Reached skill level 1 in Armour
  1984 | D:2      | Learned a level 3 spell: Gell's Gravitas
  2010 | D:2      | Noticed Terence
  2020 | D:2      | Mangled by Terence

Illustrated notes

Levels and vault maps discovered:
D:1:      saegor_arrival_simple_c, layout_loops_corners,
          shapermc_ecumenical_altar_mp_ritualfount
D:2:      layout_basic, uniq_terence

Skill      XL: |  1  2  3 |
---------------+----------+-----
Armour         | 1 |  1.1
Fighting       | |  1.9
Short Blades   | |  2.5
Throwing       | |  0.8
Dodging        | |  2.7
Spellcasting   | |  2.3
Translocations | |  2.7

Action                   || total
-------------------------++-------
Melee: Short sword       ||   147
       Punch             ||     7
       Bite              ||    11
 Cast: Magic Dart        ||     5
       Blink             ||     4
 Stab: Sleeping          ||     1
Armor: Leather armour    ||    55
Dodge: Dodged            ||   127
